 Dungeon Crawl Stone Soup version 0.29.0-7-g18a832c13a (webtiles) character file.

Game seed: 16140276873189644533

571 Kahsius the Digger (level 7, 0/36 HPs)
             Began as a Gargoyle Earth Elementalist on Aug 31, 2022.
             Was an Initiate of Hepliaklqana.
             Slain by a wight
             ... wielding a +0 halberd
              (7 damage)
             ... on level 6 of the Dungeon.
             The game lasted 00:17:30 (4660 turns).

Kahsius the Digger (Gargoyle Earth Elementalist)    Turns: 4660, Time: 00:17:31

Health: 0/36       AC:  6    Str: 11    XL:     7   Next: 34%
Magic:  6/12       EV: 12    Int: 18    God:    Hepliaklqana [......]
Gold:   169        SH:  0    Dex: 10    Spells: 10/13 levels left

rFire   . . .      SeeInvis .   (no weapon)
rCold   . . .      Faith    .   (no shield)
rNeg    + . .      Spirit   .   a - +0 robe
rPois   ∞          Reflect  .   (no helmet)
rElec   +          Harm     .   (no cloak)
rCorr   .          Rampage  .   (no gloves)
Will    .....                   (no boots)
Stlth   ++........              (no amulet)
HPRegen 0.12/turn               (no ring)
MPRegen 0.13/turn               (no ring)

@: no status effects
A: sickness immunity, AC +4, negative energy resistance 1, electricity
resistance, torment resistance 1, petrification resistance
a: Renounce Religion


You were on level 6 of the Dungeon.
You worshipped Hepliaklqana.
Hepliaklqana was noncommittal.
You visited 2 branches of the dungeon, and saw 7 of its levels.

You collected 169 gold pieces.

Inventory:

Armour
 a - a +0 robe (worn)
Jewellery
 i - an amulet of faith
 o - an amulet of guardian spirit
Wands
 m - a wand of paralysis (4)
 r - a wand of roots (14)
Scrolls
 d - 2 scrolls of poison {unknown}
 e - 2 scrolls of amnesia {unknown}
 h - a scroll of enchant weapon {unknown}
 j - a scroll of immolation {unknown}
 k - 3 scrolls of teleportation {unknown}
 l - a scroll of silence {unknown}
 p - 3 scrolls of magic mapping {unknown}
 s - a scroll of summoning {unknown}
Potions
 b - 2 potions of magic
 c - 2 potions of heal wounds {unknown}
 f - 2 potions of lignification {unknown}
 g - 3 potions of berserk rage {unknown}
 n - a potion of curing {unknown}
 q - a potion of degeneration {unknown}


   Skills:
 + Level 3.4 Dodging
 - Level 2.4 Stealth
 + Level 3.9 Spellcasting
 - Level 2.0 Transmutations
 * Level 6.8 Earth Magic


You had 10 spell levels left.
You knew the following spells:

 Your Spells              Type           Power      Damage    Failure   Level
a - Sandblast             Erth           56%        2d13      1%          1
b - Passwall              Tmut/Erth      15%        N/A       3%          2

Your spell library contained the following spells:

 Spells                   Type           Power      Damage    Failure   Level
 Stone Arrow              Conj/Erth      30%        3d8       11%         3
 Petrify                  Tmut/Erth      19%        N/A       24%         4
 Summon Forest            Summ/Tloc      1%         N/A       99%         5
 Summon Mana Viper        Hex/Summ       3%         N/A       99%         5
 Summon Cactus Giant      Summ           1%         N/A       100%        6


Dungeon Overview and Level Annotations

Branches:
Dungeon (6/15)             Temple (1/1) D:4

Altars:
Cheibriados
Dithmenos
Elyvilon
Fedhas
Gozag
Hepliaklqana
Kikubaaqudgha
Qazlal
Ru
Sif Muna
Trog
Vehumet
Wu Jian
Yredelemnul
Zin
The Shining One

Shops:
D:2 (   D:4 *

Annotations:
D:4 exclusion: water moccasin
D:5 Grinder


Innate Abilities, Weirdness & Mutations

You are immune to sickness and miasma.
Your stone body is resilient. (AC +4)
You are immune to poison.
You resist negative energy. (rN+)
You are resistant to electric shocks. (rElec)
You are resistant to unholy torment.
You are immune to petrification.


Message History

The wight is lightly damaged.
The wight hits you from afar with a +0 halberd! x2
You are too injured to fight recklessly!
You are too injured to fight recklessly!
Casting: Sandblast (safe; 1% risk of failure)
Confirm with . or Enter, or press ? or * to list all spells.
Aiming: Sandblast (safe; 1% risk of failure)
Press: ? - help, Shift-Dir - straight line, f/p - wight
Aim: a wight, wielding a +0 halberd and wearing a +0 robe (lightly damaged, 83% to hit)
The blast of sand hits the wight but does no damage.
The wight is lightly damaged.
The wight closely misses you.
Casting: Sandblast (safe; 1% risk of failure)
Confirm with . or Enter, or press ? or * to list all spells.
Aiming: Sandblast (safe; 1% risk of failure)
Press: ? - help, Shift-Dir - straight line, f/p - wight
Aim: a wight, wielding a +0 halberd and wearing a +0 robe (lightly damaged, 83% to hit)
The blast of sand hits the wight but does no damage.
The wight is lightly damaged.
The wight hits you from afar with a +0 halberd.
The wight barely misses you.
Casting: Sandblast (safe; 1% risk of failure)
Confirm with . or Enter, or press ? or * to list all spells.
Aiming: Sandblast (safe; 1% risk of failure)
Press: ? - help, Shift-Dir - straight line, f/p - wight
Aim: a wight, wielding a +0 halberd and wearing a +0 robe (lightly damaged, 83% to hit)
The blast of sand hits the wight.
The wight is lightly damaged.
The wight hits you from afar with a +0 halberd!
* * * LOW HITPOINT WARNING * * *
Casting: Sandblast (safe; 1% risk of failure)
Confirm with . or Enter, or press ? or * to list all spells.
Aiming: Sandblast (safe; 1% risk of failure)
Press: ? - help, Shift-Dir - straight line, f/p - wight
Aim: a wight, wielding a +0 halberd and wearing a +0 robe (lightly damaged, 83% to hit)
The blast of sand hits the wight!
The wight is heavily damaged.
The wight completely misses you.
The wight hits you from afar with a +0 halberd!
You die...

#.........# .....
###........####.....
#_'.......>#........
##########.#........
#..........
#.......###
#.z).......
#.###.##### #@# #.#
#.###.######
#.....#....#
#.....#....####
#..............
##...#.........
#..#)#.........
#####.##.#.........
#........#....#####


You could see a wight.

Vanquished Creatures
  A water moccasin (D:6)
  An ogre (D:6)
  2 wights (D:6)
  A hound (D:4)
  An orc priest (D:4)
  2 iguanas
  A mummy (D:4)
  4 gnolls (D:5)
  4 adders
  2 worms
  2 dart slugs (D:2)
  6 orcs (D:4)
  9 endoplasms
  3 giant cockroaches
  5 goblins
  8 hobgoblins
  4 kobolds
  2 quokkas
  8 ball pythons
  3 bats (D:2)
  3 frilled lizards
  2 rats
74 creatures vanquished.

Vanquished Creatures (others)
  An endoplasm (D:4)
1 creature vanquished.

Grand Total: 75 creatures vanquished

Notes
Turn   | Place    | Note
-------+----------+-------------------------------------------
     0 | D:1      | Kahsius the Gargoyle Earth Elementalist began the quest for
                  | the Orb.
     0 | D:1      | Reached XP level 1. HP: 10/10 MP: 3/3
   224 | D:1      | Reached skill level 1 in Transmutations
   224 | D:1      | Reached XP level 2. HP: 15/15 MP: 3/5
  1136 | D:2      | Reached skill level 4 in Earth Magic
  1136 | D:2      | Reached XP level 3. HP: 19/19 MP: 4/6
  1185 | D:2      | Found a white marble altar of Elyvilon.
  1312 | D:2      | Learned a level 2 spell: Passwall
  1601 | D:2      | Found Zoitucat's Antique Weapon Shoppe.
  1775 | D:3      | Reached XP level 4. HP: 24/24 MP: 4/7
  1820 | D:3      | Found a stormy altar of Qazlal.
  2990 | D:4      | Found a snail-covered altar of Cheibriados.
  3080 | D:4      | Reached XP level 5. HP: 26/28 MP: 2/9
  3392 | D:4      | Reached skill level 5 in Earth Magic
  3515 | D:4      | Found Oczeo's Assorted Antiques.
  3520 | D:4      | Noticed a water moccasin
  3592 | D:4      | Found a staircase to the Ecumenical Temple.
  3602 | Temple   | Entered the Ecumenical Temple
  3791 | Temple   | Became a worshipper of Hepliaklqana the Forgotten
  3906 | D:5      | Entered Level 5 of the Dungeon
  3939 | D:5      | Reached XP level 6. HP: 32/32 MP: 4/10
  4088 | D:5      | Noticed Grinder
  4286 | D:6      | Reached skill level 6 in Earth Magic
  4473 | D:6      | Noticed a water moccasin
  4496 | D:6      | Found a bloodstained altar of Trog.
  4517 | D:6      | Killed a water moccasin
  4518 | D:6      | Reached XP level 7. HP: 26/36 MP: 7/12
  4660 | D:6      | Slain by a wight

Illustrated notes

Levels and vault maps discovered:
D:1:      scummos_arrival_simple_crosswalls, layout_basic
D:2:      layout_rooms, basic_altar, serial_shops, shop
D:3:      layout_basic, nicolae_qazlal_general_emergency
D:4:      layout_basic, slow_altar_2, lemuel_temple_firewalk_b, serial_shops,
          nicolae_diamond_shop
D:5:      layout_basic, kennysheep_generic_room_14, uniq_grinder, uniq_pikel,
          uniq_duvessa, uniq_ijyb, uniq_edmund
D:6:      minmay_chambers_of_fours, layout_basic, kennysheep_mini,
          gammafunk_ghost_cemetery
Temple:   cyrus_circular_temple

Skill      XL: |  1  2  3  4  5  6 |
---------------+-------------------+-----
Transmutations | 1 2 |  2.0
Earth Magic    | 4 5 6 |  6.8
Dodging        | 2 3 |  3.4
Spellcasting   | 3 |  3.9
Stealth        | |  2.4

Action                   |  1- 3 |  4- 6 |  7- 9 || total
-------------------------+-------+-------+-------++-------
Melee: Unarmed           |     1 |       |       ||     1
 Cast: Sandblast         |    56 |    79 |     9 ||   144
Evoke: Wand              |       |     2 |       ||     2
Armor: Robe              |     4 |    13 |       ||    17
Dodge: Dodged            |     5 |    33 |     4 ||    42
